 Dungeon Crawl Stone Soup version 0.17.1-3-g152610e (webtiles) character file.

3163 dearth the Covert (level 9, -7/39 HPs)
             Began as a Spriggan Enchanter on Mar 4, 2016.
             Was a Follower of Ashenzari.
             Killed from afar by an electric eel (17 damage)
             ... with a bolt of electricity
             ... on level 9 of the Dungeon.
             The game lasted 00:31:39 (8330 turns).

dearth the Covert (Spriggan Enchanter)              Turns: 8330, Time: 00:31:40

Health: -7/39      AC:  4    Str:  4    XL:     9   Next: 63%
Magic:  21/21      EV: 24    Int: 18    God:    Ashenzari [*.....]
Gold:   397        SH:  0    Dex: 18    Spells: 4 memorised, 13 levels left

rFire  . . .     SeeInvis +     k - +3 dagger (venom) (curse)
rCold  . . .     Clarity  .     A - +2 robe {MR+} (curse)
rNeg   . . .     SustAt   .     (shield restricted)
rPois  +         Gourm    .     (helmet restricted)
rElec  .         Spirit   .     (no cloak)
rCorr  .         Warding  .     (gloves unavailable)
rMut   .         Stasis   .     (boots unavailable)
MR     +++..                    (no amulet)
Stlth  +++++.....               j - ring of poison resistance (curse)
                                G - ring of protection from magic (curse)

@: very quick, extremely resistant to hostile enchantments, quite stealthy
A: unfitting armour, see invisible, herbivore 3, speed 3, slow metabolism 2
a: Scrying, Renounce Religion


You were on level 9 of the Dungeon.
You worshipped Ashenzari.
Ashenzari was aware of your devotion.
You were full.

You visited 2 branches of the dungeon, and saw 10 of its levels.

You collected 397 gold pieces.

Inventory:

Hand Weapons
 k - a cursed +3 dagger of venom (weapon)
 v - a cursed -1 hunting sling
Missiles
 n - 7 tomahawks (quivered)
Armour
 b - a +1 robe
 A - a cursed +2 robe of magic resistance (worn)
Jewellery
 f - an uncursed ring of sustain attributes
 j - a cursed ring of poison resistance (right hand)
 G - a cursed ring of protection from magic (left hand)
Wands
 F - a wand of teleportation (5)
 K - a wand of draining (5)
 N - a wand of digging (13)
 Q - a wand of slowing (25)
Scrolls
 g - 4 scrolls of curse armour
 i - 2 scrolls of enchant armour {unknown}
 p - 4 scrolls of identify {unknown}
 s - 2 scrolls of recharging {unknown}
 w - 2 scrolls of amnesia {unknown}
 x - 3 scrolls of teleportation {unknown}
 y - a scroll of immolation {unknown}
 D - a scroll of blinking {unknown}
 E - 3 scrolls of curse weapon
 H - 2 scrolls of remove curse
 O - a scroll of fog {unknown}
 S - a scroll of noise {unknown}
Potions
 a - 2 potions of brilliance {unknown}
 h - a potion of mutation {unknown}
 l - 3 potions of heal wounds {unknown}
 m - 3 potions of resistance {unknown}
 q - 3 potions of curing {unknown}
 t - a potion of cure mutation {unknown}
 u - a potion of lignification {unknown}
 z - a potion of haste {unknown}
 B - 2 potions of flight {unknown}
 J - a potion of degeneration {unknown}
 L - a potion of agility {unknown}
 R - a potion of berserk rage {unknown}
Books
 c - a book of Maledictions

   Spells                             Type                      Level
   a - Corona                         Hexes                        1
   b - Ensorcelled Hibernation        Hexes/Ice                    2
   c - Confuse                        Hexes                        3
   d - Tukima's Dance                 Hexes                        3
   e - Dazzling Spray                 Conjuration/Hexes            3
 e - a book of the Dragon

   Spells                             Type                      Level
   a - Flame Tongue                   Conjuration/Fire             1
   b - Cause Fear                     Hexes                        4
   c - Bolt of Fire                   Conjuration/Fire             6
   d - Dragon Form                    Transmutation                7
   e - Dragon's Call                  Summoning                    9
 r - a book of Clouds

   Spells                             Type                      Level
   a - Mephitic Cloud                 Conjuration/Poison/Air       3
   b - Conjure Flame                  Conjuration/Fire             3
   c - Poisonous Cloud                Conjuration/Poison/Air       6
   d - Freezing Cloud                 Conjuration/Ice/Air          6
   e - Ring of Flames                 Charms/Fire                  7
 C - a book of Beasts

   Spells                             Type                      Level
   a - Summon Butterflies             Summoning                    1
   b - Call Canine Familiar           Summoning                    3
   c - Summon Ice Beast               Ice/Summoning                4
   d - Summon Mana Viper              Hexes/Summoning              5
   e - Summon Hydra                   Summoning                    7
 I - a book of Power

   Spells                             Type                      Level
   a - Fulminant Prism                Conjuration/Hexes            4
   b - Iskenderun's Mystic Blast      Conjuration                  4
   c - Venom Bolt                     Conjuration/Poison           5
   d - Bolt of Magma                  Conjuration/Fire/Earth       5
   e - Iron Shot                      Conjuration/Earth            6
   f - Orb of Destruction             Conjuration                  7
   g - Spellforged Servitor           Conjuration/Summoning        7
Miscellaneous
 o - a plain deck of wonders
Comestibles
 d - 6 bread rations
 M - a royal jelly
 P - a slice of pizza


   Skills:
 + Level 6.4 Short Blades
 + Level 8.5 Dodging
 + Level 10.2 Stealth
 + Level 7.3 Spellcasting
 + Level 8.3 Hexes
 + Level 4.2 Evocations


You had 13 spell levels left.
You knew the following spells:

 Your Spells              Type           Power        Failure   Level  Hunger
a - Corona                Hex            #####..      1%          1    None
b - Ensorcelled Hibernat  Hex/Ice        ###...       2%          2    None
c - Confuse               Hex            #####...     1%          3    #......
d - Tukima's Dance        Hex            #####...     1%          3    #......


Dungeon Overview and Level Annotations

Branches:
Dungeon (9/15)             Temple (1/1) D:5
   Lair: D:8-11         Orc: D:9-12

Altars:
Ashenzari
Cheibriados
Dithmenos
Elyvilon
Fedhas
Gozag
Makhleb
Nemelex Xobeh
Okawaru
Qazlal
Ru
Sif Muna
Trog
Vehumet
Yredelemnul
Zin
The Shining One

Shops:
D:4 :   D:6 *   D:7 *


Innate Abilities, Weirdness & Mutations

You are tiny and cannot use many weapons and most armour.
You have supernaturally acute eyesight.
You are a herbivore.
You cover ground extremely quickly.
You need consume almost no food.


Message History

The jelly is severely wounded.
The jelly misses you.
You hit the jelly.
You kill the jelly!
An ice beast comes into view.
Found a +0 robe.
A wolf comes into view.
The wolf howls!
A yak comes into view.
A yak comes into view.
The electric eel shoots out a bolt of lightning at you!
The bolt of electricity hits you!
The electric eel shoots out a bolt of lightning at you!
The bolt of electricity hits you!
* * * LOW HITPOINT WARNING * * *
A yak comes into view.
The yak bellows!
The electric eel shoots out a bolt of lightning at you!
The bolt of electricity misses you. The bolt of electricity hits you!
You die...

........................
.............#.#.#.#....
..........(.Y...........
.Y........####.#.#.#....
.Y........# #...........
..........####.#<#.##....
..###Y..............##....
. #........#.#.#.##.....
#.......Y...@.........
.........Y.#.#.#.#.≈≈≈.≈
........Y.YY.......≈≈.≈≈
............#.#.#.#..≈≈≈≈
.....................;≈≈≈
.......#...#.#.#.#.....≈
.....###......h.......≈
...# ##.#.#.#.#..≈..≈
...###......Y.#..≈.≈≈


You could see 4 yaks, a wolf and an electric eel.

Vanquished Creatures
  Prince Ribbit (D:7)
  The ghost of WanderingOwl the Cutter, an amateur TeBe of Trog (D:4)
  The ghost of dearth the Sneak, an amateur SpEn of Ashenzari (D:3)
  Menkaure (D:6)
  Edmund (D:5)
  Duvessa (D:7)
  An orc warrior (D:6)
  4 ogres
  A phantom (D:6)
  A sky beast (D:5)
  A centaur (D:5)
  Blork the orc (D:5)
  Dowan (D:7)
  6 killer bees (D:7)
  3 scorpions
  3 crimson imps
  5 jellies
  2 quasits
  3 hounds
  A giant frog zombie (D:5)
  Crazy Yiuf (D:2)
  Ijyb (D:2)
  2 orc priests
  2 orc wizards
  Jessica (D:2)
  A giant frog skeleton (D:5)
  3 worker ants
  2 iguanas
  A hound skeleton (D:6)
  4 gnolls
  12 adders
  2 shadow imps (D:7)
  An ooze (D:1)
  5 adder skeletons
  A worm (D:1)
  5 giant geckos
  25 orcs
  3 ball pythons
  7 bats
  4 giant cockroaches
  10 goblins
  6 hobgoblins
  4 jackals (D:2)
  3 quokkas
  A giant gecko zombie (D:7)
  7 giant newts
  3 kobolds
  3 quokka skeletons
  5 rats
164 creatures vanquished.

Notes
Turn   | Place    | Note
--------------------------------------------------------------
     0 | D:1      | dearth the Spriggan Enchanter began the quest for the Orb.
     0 | D:1      | Reached XP level 1. HP: 9/9 MP: 5/5
    91 | D:1      | Reached XP level 2. HP: 13/13 MP: 6/6
   192 | D:1      | Learned a level 2 spell: Ensorcelled Hibernation
   360 | D:1      | Reached XP level 3. HP: 16/16 MP: 8/8
   635 | D:2      | Learned a level 3 spell: Confuse
   688 | D:2      | Noticed Ijyb
   698 | D:2      | Killed Ijyb
   698 | D:2      | Reached skill level 5 in Stealth
   799 | D:2      | Noticed Jessica
   863 | D:2      | Killed Jessica
   863 | D:2      | Reached XP level 4. HP: 19/21 MP: 8/10
   979 | D:2      | Noticed Crazy Yiuf
   989 | D:2      | Killed Crazy Yiuf
  1103 | D:2      | Found a sparkling altar of Nemelex Xobeh.
  1125 | D:2      | Reached XP level 5. HP: 24/24 MP: 11/11
  1199 | D:2      | Learned a level 3 spell: Tukima's Dance
  1733 | D:3      | Noticed dearth's ghost (amateur SpEn)
  1756 | D:3      | Killed dearth's ghost
  1756 | D:3      | Reached skill level 6 in Stealth
  1756 | D:3      | Reached skill level 5 in Hexes
  1756 | D:3      | Reached XP level 6. HP: 19/28 MP: 8/13
  1851 | D:3      | Found a burning altar of Makhleb.
  1853 | D:3      | Found an opulent altar of Gozag.
  1864 | D:3      | Found a sparkling altar of Nemelex Xobeh.
  1876 | D:3      | Found a stormy altar of Qazlal.
  1877 | D:3      | Found a sacrificial altar of Ru.
  2465 | D:4      | Found Yxuhu's Book Boutique.
  2509 | D:4      | Found a deep blue altar of Sif Muna.
  2788 | D:4      | Reached skill level 5 in Dodging
  2898 | D:4      | Noticed WanderingOwl's ghost (amateur TeBe)
  2921 | D:4      | Killed WanderingOwl's ghost
  2921 | D:4      | Reached skill level 7 in Stealth
  2921 | D:4      | Reached skill level 5 in Spellcasting
  2921 | D:4      | Reached XP level 7. HP: 29/32 MP: 10/15
  3311 | D:5      | Entered Level 5 of the Dungeon
  3463 | D:5      | Found an iron altar of Okawaru.
  3477 | D:5      | Noticed Edmund
  3516 | D:5      | Killed Edmund
  3516 | D:5      | Reached XP level 8. HP: 15/36 MP: 14/17
  3737 | D:5      | Found a staircase to the Ecumenical Temple.
  3753 | Temple   | Entered the Ecumenical Temple
  3769 | Temple   | Became a worshipper of Ashenzari the Shackled
  3822 | D:5      | Reached skill level 8 in Stealth
  3883 | D:5      | Noticed Blork the orc
  3888 | D:5      | Killed Blork the orc
  4242 | D:5      | Reached skill level 5 in Short Blades
  4779 | D:6      | Found a white marble altar of Elyvilon.
  4967 | D:6      | Reached skill level 1 in Evocations
  5150 | D:6      | Found Buptov's General Store.
  5160 | D:6      | Noticed Menkaure
  5587 | D:6      | Reached skill level 9 in Stealth
  5593 | D:6      | Identified the +1 leather armour "Hiufodie" {Int+4}
  5701 | D:6      | Killed Menkaure
  5937 | D:6      | Reached XP level 9. HP: 33/39 MP: 19/19
  6519 | D:7      | Noticed Duvessa
  6521 | D:7      | Noticed Dowan
  6526 | D:7      | Killed Duvessa
  6543 | D:7      | Killed Dowan
  6746 | D:7      | Noticed Prince Ribbit
  6750 | D:7      | Killed Prince Ribbit
  6867 | D:7      | Reached * piety under Ashenzari
  6875 | D:7      | Found Lijif's Assorted Antiques.
  7768 | D:8      | Reached skill level 10 in Stealth
  8247 | D:9      | Noticed a centaur skeleton
  8330 | D:9      | Killed from afar by an electric eel

Action                   |  1- 3 |  4- 6 |  7- 9 || total
-------------------------+-------+-------+-------++-------
Melee: Dagger            |    52 |   101 |   433 ||   586
Throw: Tomahawk          |       |       |     8 ||     8
 Cast: Ensorcelled Hiber |     2 |     1 |     9 ||    12
       Confuse           |       |     3 |     2 ||     5
  Use: Scroll            |       |       |     6 ||     6
 Stab: Sleeping          |     8 |    19 |    26 ||    53
       Distracted        |     1 |     1 |     2 ||     4
       Confused          |       |     4 |       ||     4
  Eat: Royal jelly       |       |       |     1 ||     1
       Pizza             |       |       |     1 ||     1
       Bread ration      |       |       |     1 ||     1
